 Dungeon Crawl Stone Soup version 0.31.0-11-ge490571c62 (webtiles) character file.

Game seed: 328032873879655052

1657 Zeor the Insei (level 9, 0/48 HPs)
             Began as a Djinni Shapeshifter on Jan 26, 2024.
             Was a Follower of Wu Jian.
             Slain by a gnoll
             ... wielding a +0 spear
             ... led by a gnoll bouda
              (4 damage)
             ... on level 6 of the Dungeon.
             The game lasted 00:17:28 (5495 turns).

Zeor the Insei (Djinni Shapeshifter)                Turns: 5495, Time: 00:17:29

Health: 0/48       AC:  4    Str: 13    XL:     9   Next: 20%
Gold:   235        EV: 17    Int: 12    God:    Wu Jian [*.....] SH:  0 Dex: 17

rFire   + +          .
                       - Unarmed
rCold   x . .        (shield currently unavailable)
rNeg    . . .        o - melded +1 leather armour
rPois   ∞            n - +2 helmet
rElec   .            e - +0 cloak
rCorr   .            (no gloves)
SInv    .            (boots unavailable)
Will    .....        (no amulet)
Stlth   +            (no ring)
HPRegen 0.28/turn    (no ring)
MPRegen 0.00/turn

%: infuse magic (-1 HP)
@: flux-form, flying, very slightly contaminated, glowing
A: glow, contaminating, flying, reduced hp, sickness immunity, fire resistance
2, cold vulnerability 1, float, innate caster, HP casting, extra vitality 1
a: Begin Untransformation, Renounce Religion


You were on level 6 of the Dungeon.
You worshipped Wu Jian.
Wu Jian was aware of your devotion.
You were something dangerously unstable.
You visited 2 branches of the dungeon, and saw 7 of its levels.

You collected 235 gold pieces.

Inventory:

Hand Weapons
 g - a +2 dagger of freezing
 h - a +2 dagger of chaos
Armour
 e - a +0 cloak (worn)
 n - a +2 helmet (worn)
 o - a +1 leather armour (melded)
Talismans
 c - a beast talisman
 d - a flux talisman (active)
 m - a serpent talisman
 s - a maw talisman
Wands
 l - a wand of quicksilver (9)
Scrolls
 f - a scroll of enchant armour
 i - a scroll of blinking
 k - 2 scrolls of teleportation
 q - a scroll of silence
Potions
 a - a potion of enlightenment
 b - a potion of lignification
 j - 3 potions of curing
 p - 2 potions of attraction
 t - a potion of heal wounds


   Skills:
 + Level 2.0 Fighting
 + Level 2.4 Armour
 + Level 3.6 Dodging
 + Level 1.5 Stealth
 + Level 7.9 Unarmed Combat
 * Level 2.8 Spellcasting
 * Level 2.8 Conjurations
 * Level 2.8 Hexes
 * Level 2.8 Summonings
 * Level 2.8 Necromancy
 * Level 2.8 Translocations
 * Level 2.8 Fire Magic
 * Level 2.8 Ice Magic
 * Level 2.8 Air Magic
 * Level 2.8 Earth Magic
 * Level 2.8 Alchemy
 * Level 5.3 Shapeshifting


You knew the following spells:

 Your Spells              Type           Power      Damage    Failure   Level
j - Jinxbite              Hex            16%        N/A       12%         2
m - Summon Small Mammal   Summ           32%        N/A       8%          1
r - Searing Ray           Conj           16%        2d5       12%         2
t - Teleport Other        Tloc           8%         N/A       24%         3
Your spell library was empty.

Dungeon Overview and Level Annotations

Branches:
Dungeon (6/15)             Temple (1/1) D:4

Altars:
Cheibriados
Elyvilon
Fedhas
Gozag
Hepliaklqana
Makhleb
Nemelex Xobeh
Okawaru
Qazlal
Ru
Trog
Uskayaw
Wu Jian
Xom
Yredelemnul
Zin
The Shining One


Innate Abilities, Weirdness & Mutations

You are something dangerously unstable.
You glow with magical radiation, making you easy to see and hit.
Foes you strike become dangerously contaminated with magical radiation.
You are flying.
Your maximum health is decreased, since you lack skill for your form.
You are incapable of wielding weapons or throwing items.
You are immune to sickness and miasma.
You are immune to poison.
Your flesh is very heat resistant. (rF++)
You are vulnerable to cold. (rC-)
You float through the air rather than walking.
You learn spells naturally, not from books.
Your magical power is your life essence.
You have superior vitality. (+4 MHP)


Message History

The gnoll is no longer moving quickly.
The gnoll hits you with a +0 whip.
* * * LOW HITPOINT WARNING * * *
The gnoll hits you from afar with a +0 spear.
* * * LOW HITPOINT WARNING * * *
You barely miss the gnoll.
The gnoll is heavily wounded.
Your attacks no longer feel as feeble.
The gnoll closely misses you. The gnoll barely misses you.
You feel much better.
An orc wizard appears from thin air!
Reactivating autopickup.
The gnoll misses you.
The gnoll hits you from afar with a +0 spear.
* * * LOW HITPOINT WARNING * * *
You hit the gnoll.
The gnoll shudders as magic cascades through it.
The gnoll twists and deforms.
The gnoll is severely wounded.
The gnoll is no longer moving quickly.
The gnoll barely misses you.
You hit the gnoll.
The gnoll begins to glow.
The gnoll is severely wounded.
The gnoll hits you from afar with a +0 spear.
* * * LOW HITPOINT WARNING * * *
The orc wizard mumbles some strange words.
The orc wizard flickers and vanishes!
Deactivating autopickup; reactivate with Ctrl-A.
The gnoll closely misses you.
You barely miss the gnoll.
The gnoll is severely wounded.
The gnoll misses you. The gnoll hits you with a +0 whip.
* * * LOW HITPOINT WARNING * * *
You hit the gnoll.
You kill the gnoll!
The Council accepts your kill. The gnoll completely misses you.
You barely miss something. The gnoll closely misses you.
Something hits you but does no damage.
You hit something.
The orc wizard begins to glow.
The orc wizard is almost dead.
The gnoll hits you from afar with a +0 spear.
You die...

········░▒∙∙g∙∙∙∙∙∙∙▒▒∙∙░░···░ ░
········░▒∙∙∙∙∙∙∙▒∙∙▒∙∙∙·····░ ░
░·······░▒▒▒∙▒g∙∙∙∙o▒∙∙∙∙··░·░
░·······░▒▒▒∙▒∙▒▒▒∙▒▒∙∙∙▒░░░·░
░░■▒░░░░·∙∙∙∙∙∙∙∙∙∙∙▒∙∙∙▒····░░░░
▒▒∙▒ ░·▒▒▒∙▒▒▒∙▒▒▒▒∙∙∙∙········
∙∙∙▒░░░░·▒▒▒∙∙∙†)g∙∙∙∙∙∙▒·░░░░░░░
▒∙∙····▒·▒▒▒▒▒▒▒o▒▒∙▒)▒∙▒·░░░░░░░
▒∙▒░░░·▒∙▒∙∙∙∙∙▒p)∙∙∙∙∙∙∙··░·····
▒∙▒▒▒▒∙▒∙▒∙▒▒▒∙▒∙"∙∙∙∙▒∙▒··░····░
∙∙∙∙∙∙∙▒·∙∙∙∙▒∙∙∙∙∙∙∙∙∙∙▒>·░·░░·░
▒∙▒▒▒▒▒▒▒▒∙▒∙▒∙∙∙∙▒∙▒∙▒▒▒··░·░░<░
∙∙∙∙∙∙∙)∙▒∙▒∙∙∙∙∙∙▒∙▒(∙∙········░
∙∙▒▒∙▒▒▒!▒∙∙∙∙∙∙∙∙▒∙▒▒▒▒▒··░·░░░░
▒∙▒▒∙▒▒∙∙∙∙∙∙∙∙∙∙∙∙∙∙∙·····░·░░░░
▒∙▒▒∙▒▒∙∙∙∙▒▒▒∙∙∙∙▒∙▒▒···········
▒∙▒▒∙▒∙∙∙∙∙∙∙▒∙∙∙∙∙∙∙∙·░░░░·░░░░·


You could see an orc wizard (invisible, contam) and a gnoll.

Vanquished Creatures
  Pikel (D:4)
  Grinder (D:3)
  3 ogres
  2 lemures (D:4)
  2 scorpions (D:4)
  A howler monkey (D:5)
  A crimson imp (D:3)
  4 hounds
  2 orc priests
  2 jellies
  A gnoll bouda (D:6)
  2 iguanas
  2 orc wizards
  2 sleepcaps
  Terence (D:3)
  3 gnolls (D:6)
  5 adders
  4 dart slugs
  6 orcs
  8 endoplasms
  2 giant cockroaches
  3 hobgoblins
  4 quokkas
  6 ball pythons
  6 bats
  2 frilled lizards
  13 goblins
  7 kobolds
  5 rats
  A butterfly (D:4)
102 creatures vanquished.

Notes
Turn   | Place    | Note
-------+----------+-------------------------------------------
     0 | D:1      | Zeor the Djinni Shapeshifter began the quest for the Orb.
     0 | D:1      | Reached XP level 1. HP: 17/17 MP: 0/0
   174 | D:1      | Reached XP level 2. HP: 22/22 MP: 0/0
   579 | D:1      | You are sucked into a shaft and drop 1 floor!
   622 | D:2      | Reached XP level 3. HP: 24/27 MP: 0/0
   622 | D:2      | Learned a level 1 spell: Summon Small Mammal
  1532 | D:3      | Reached XP level 4. HP: 32/32 MP: 0/0
  1538 | D:3      | Reached skill level 4 in Unarmed Combat
  1538 | D:3      | Reached XP level 5. HP: 37/37 MP: 0/0
  1538 | D:3      | Learned a level 2 spell: Searing Ray
  1685 | D:3      | Noticed Grinder
  1725 | D:3      | Killed Grinder
  1726 | D:3      | Reached skill level 1 in Armour
  1726 | D:3      | Reached skill level 5 in Unarmed Combat
  1726 | D:3      | Reached skill level 1 in Spellcasting
  1726 | D:3      | Reached skill level 1 in Conjurations
  1726 | D:3      | Reached skill level 1 in Hexes
  1726 | D:3      | Reached skill level 1 in Summonings
  1726 | D:3      | Reached skill level 1 in Necromancy
  1726 | D:3      | Reached skill level 1 in Translocations
  1726 | D:3      | Reached skill level 1 in Fire Magic
  1726 | D:3      | Reached skill level 1 in Ice Magic
  1726 | D:3      | Reached skill level 1 in Air Magic
  1726 | D:3      | Reached skill level 1 in Earth Magic
  1726 | D:3      | Reached skill level 1 in Alchemy
  1726 | D:3      | Reached XP level 6. HP: 32/42 MP: 0/0
  1845 | D:3      | Found a faded altar of an unknown god.
  2015 | D:3      | Noticed Terence
  2025 | D:3      | Killed Terence
  2339 | D:3      | Found a shimmering altar of Xom.
  2339 | D:3      | Found a burning altar of Makhleb.
  2356 | D:3      | Reached XP level 7. HP: 27/47 MP: 0/0
  2356 | D:3      | Learned a level 2 spell: Jinxbite
  2870 | D:4      | Found a staircase to the Ecumenical Temple.
  2906 | Temple   | Entered the Ecumenical Temple
  2915 | Temple   | Became a worshipper of the Wu Jian Council
  2957 | D:4      | Reached skill level 6 in Unarmed Combat
  3217 | D:4      | Found a sparkling altar of Nemelex Xobeh.
  3218 | D:4      | Found a blossoming altar of Fedhas.
  3231 | D:4      | Noticed Pikel
  3247 | D:4      | Killed Pikel
  3248 | D:4      | Reached skill level 1 in Stealth
  3248 | D:4      | Reached skill level 7 in Unarmed Combat
  3248 | D:4      | Reached XP level 8. HP: 5/52 MP: 0/0
  3955 | D:5      | Entered Level 5 of the Dungeon
  5084 | D:6      | Reached skill level 5 in Shapeshifting
  5084 | D:6      | Reached XP level 9. HP: 43/58 MP: 0/0
  5084 | D:6      | Learned a level 3 spell: Teleport Other
  5484 | D:6      | Reached * piety under Wu Jian
  5487 | D:6      | HP: 1/48 [gnoll/+0 spear[a gnoll bouda] (4)]
  5495 | D:6      | Slain by a gnoll

Illustrated notes

Levels and vault maps discovered:
D:1:      amcnicky_arrival_wind_blow, layout_basic
D:2:      layout_basic
D:3:      layout_loops_ring, grunt_temple_overflow_champion_of_chaos,
          basic_ecumenical_altar, kennysheep_crisscross, glass_columns_a,
          uniq_grinder, uniq_terence
D:4:      layout_loops_corners, chequers_temple_overflow_statue_of_worship,
          minmay_temple_entry_butterflies, minmay_crossroads, uniq_pikel
D:5:      layout_basic
D:6:      layout_basic
Temple:   eino_narrow_crystal_temple

Skill      XL: |  1  2  3  4  5  6  7  8  9 |
---------------+----------------------------+-----
Shapeshifting  | 3 4 5 |  5.3
Unarmed Combat | 4 5 7 |  7.9
Armour         | 1 2 |  2.4
Spellcasting   | 1 2 |  2.8
Conjurations   | 1 2 |  2.8
Hexes          | 1 2 |  2.8
Summonings     | 1 2 |  2.8
Necromancy     | 1 2 |  2.8
Translocations | 1 2 |  2.8
Fire Magic     | 1 2 |  2.8
Ice Magic      | 1 2 |  2.8
Air Magic      | 1 2 |  2.8
Earth Magic    | 1 2 |  2.8
Alchemy        | 1 2 |  2.8
Dodging        | 3 |  3.6
Stealth        | 1 |  1.5
Fighting       | 2 |  2.0

Action                     |  1- 3 |  4- 6 |  7- 9 || total
---------------------------+-------+-------+-------++-------
  Melee: Unarmed           |   109 |    61 |   158 ||   328
         Punch             |     3 |       |     2 ||     5
         Maw               |       |       |     9 ||     9
   Cast: Summon Small Mamm |     2 |     2 |       ||     4
         Searing Ray       |       |     5 |     6 ||    11
         Jinxbite          |       |       |     8 ||     8
Ability: Begin Untransform |     2 |       |       ||     2
         Lunge             |       |       |    15 ||    15
    Use: Scroll            |     6 |     4 |     5 ||    15
         Potion            |     2 |     3 |     4 ||     9
   Stab: Sleeping          |       |     1 |     1 ||     2
 Armour: Animal skin       |    39 |       |       ||    39
         Leather armour    |    25 |    29 |    17 ||    71
         Skin              |     6 |    10 |    54 ||    70
  Dodge: Dodged            |    57 |    28 |    94 ||   179
   Form: Beast             |     2 |       |       ||     2
         Maw               |       |       |     1 ||     1
         Flux              |       |       |     1 ||     1
